Map: Interloper LE

Players

Winthrowe

  • Race: Terran Terran
  • Spawn Location: 5:00

A.I. 1 (Hard) - Winner!

  • Race: Zerg Zerg
  • Spawn Location: 11:00

VOD

Have the link to the VOD?

Description

Time

  • Played on: Aug. 17, 2017, 5:58 p.m.
  • Length: 13:19
Show
View Real Time Build Order
Export as new Build Order

Winthrowe Terran 

Build Orders: MMM Bio 

Get SALT Encoding   

  12  0:02  SCV  
  13  0:17  Supply Depot  
  13  0:21  SCV  
  14  0:39  Refinery  
  14  0:40  SCV  
  15  0:44  Barracks  
  15  0:52  SCV  
  16  1:04  SCV  
  17  1:16  SCV  
  18  1:28  SCV  
  19  1:35  Supply Depot  
  19  1:40  SCV  
  19  1:42  Marine  
  22  1:56  Orbital Command  
  21  2:12  Barracks Reactor  
  21  2:14  Bunker  
  21  2:22  SCV  
  22  2:27  Refinery  
  22  2:41  SCV  
  23  2:56  Command Center  
  23  3:01  Marine x2  
  23  3:04  SCV  
  26  3:18  Marine x2  
  28  3:29  Barracks  
  28  3:36  Marine x2  
  30  3:53  SCV  
  31  4:05  Supply Depot  
  31  4:06  Supply Depot  
  31  4:08  Marine x2  
  33  4:10  SCV x2  
  35  4:22  SCV x2  
  37  4:26  Marine x2  
  37  4:27  Barracks Tech Lab  
  37  4:29  Supply Depot  
  39  4:32  Factory, Supply Depot  
  39  4:34  SCV  
  39  4:35  SCV  
  41  4:43  Marine x2  
  43  4:47  SCV x2  
  43  4:52  Concussive Shells  
  45  4:55  Marauder  
  47  5:16  Marauder  
  47  5:17  Marine x2  
  45  5:34  Combat Shields  
  45  5:35  Marine x2  
  23  6:05  Marine, Marauder  
  23  6:06  Marine  
  25  6:23  Marine x2  
  25  6:27  Marauder  
  25  6:40  Starport  
  25  6:41  Marine x2  
  27  6:48  Marauder  
  27  6:53  Stimpack  
  29  6:59  Marine x2  
  31  7:09  Marauder  
  33  7:21  Engineering Bay  
  33  7:23  SCV  
  34  7:31  Marauder  
  34  7:35  SCV  
  34  7:37  Marine x2  
  39  7:47  SCV  
  39  7:51  Medivac  
  42  8:05  Terran Infantry Weapons Level 1  
  42  8:21  Medivac  
  44  8:29  Marauder  
  44  8:30  Marine x2  
  36  8:39  Unknown  
  30  8:44  Factory Reactor  
  30  8:48  Marine x2  
  32  8:50  Marauder  
  32  9:05  Marine  
  31  9:34  Command Center  
  31  9:44  Marine  
  32  10:13  Marauder  
  34  10:14  Marine x2  
  34  10:18  Cyclone  
  34  10:20  Terran Infantry Armor Level 1, Cyclone  
  42  10:27  SCV  
  43  10:34  Marauder  
  45  10:39  SCV  
  46  10:50  Planetary Fortress  
  46  11:02  Starport Tech Lab  
  46  12:09  Viking x2  
  46  12:15  Siege Tank  
  53  12:27  Marauder  
  55  12:31  SCV  
  55  12:32  SCV  
  57  12:39  Viking x2  
Show
View Real Time Build Order
Export as new Build Order

A.I. 1 (Hard) Zerg - Winner!

Build Orders: Pool First 

Get SALT Encoding   

  12  0:00  Drone  
  13  0:12  Overlord  
  13  0:17  Drone  
  14  0:31  Drone  
  14  0:32  Drone  
  16  0:43  Spawning Pool  
  16  0:46  Drone  
  16  0:50  Drone  
  16  0:54  Extractor  
  16  0:56  Drone  
  17  1:06  Overlord  
  17  1:31  Queen, Zergling x2  
  20  1:38  Roach Warren, Zergling x2  
  20  1:39  Extractor, Drone  
  20  1:49  Drone  
  21  2:00  Drone  
  22  2:12  Drone  
  23  2:21  Roach  
  25  2:32  Overlord  
  25  2:39  Roach  
  27  2:46  Roach  
  27  2:50  Baneling Nest, Drone  
  29  2:52  Evolution Chamber  
  29  2:53  Roach  
  30  2:59  Overlord  
  30  3:00  Ravager  
  30  3:02  Ravager  
  32  3:07  Drone  
  32  3:12  Roach  
  35  3:19  Roach  
  37  3:22  Drone  
  38  3:27  Drone  
  38  3:31  Drone  
  40  3:42  Overlord  
  40  3:44  Drone  
  40  3:47  Drone  
  42  3:51  Drone  
  42  3:55  Drone  
  44  4:49  Zerg Melee Weapons Level 1, Overlord, Zergling x2, Lair  
  44  4:51  Evolution Chamber, Drone  
  45  4:56  Baneling  
  45  5:16  Hatchery, Zerg Ground Armor Level 1  
  44  5:28  Drone  
  43  5:31  Zergling x2  
  44  5:38  Zergling x2  
  45  5:48  Zergling x2  
  46  5:50  Spire, Drone  
  46  6:00  Zergling x2  
  47  6:05  Metabolic Boost  
  42  6:24  Burrow  
  38  6:28  Drone  
  38  6:29  Baneling, Zergling x2  
  38  6:30  Drone  
  38  6:31  Drone  
  42  6:33  Drone  
  42  6:34  Drone  
  42  6:35  Extractor, Drone  
  42  6:37  Drone  
  42  6:38  Drone  
  46  6:40  Drone  
  46  6:44  Zerg Missile Weapons Level 1  
  47  6:47  Drone  
  47  6:49  Drone  
  47  6:53  Drone  
  50  6:54  Drone  
  50  6:55  Drone  
  50  6:59  Drone  
  50  7:01  Overlord  
  53  7:10  Mutalisk, Drone  
  56  7:20  Mutalisk  
  56  7:22  Drone  
  59  7:23  Spore Crawler  
  59  7:24  Extractor, Overseer, Drone  
  59  7:25  Drone  
  59  7:26  Mutalisk  
  61  7:30  Overseer  
  61  7:32  Overlord  
  61  7:33  Drone  
  61  7:36  Spore Crawler  
  61  7:39  Spore Crawler  
  61  7:42  Mutalisk, Spore Crawler  
  61  7:43  Drone  
  62  7:47  Queen  
  64  7:53  Mutalisk, Queen  
  64  7:54  Drone  
  64  7:56  Drone  
  70  7:58  Drone  
  70  7:59  Mutalisk  
  70  8:04  Drone  
  74  8:06  Drone  
  74  8:07  Spine Crawler  
  74  8:14  Spine Crawler  
  74  8:15  Drone  
  74  8:16  Drone  
  75  8:25  Overlord, Spine Crawler  
  74  8:27  Drone  
  74  8:28  Spine Crawler  
  74  8:29  Drone  
  74  8:31  Drone  
  72  8:36  Zergling x2  
  73  8:43  Zergling x2  
  73  8:44  Hydralisk Den  
  73  8:47  Drone  
  73  8:48  Baneling x2  
  74  8:49  Roach  
  76  8:57  Overlord, Roach  
  76  9:01  Hatchery  
  77  9:04  Roach  
  79  9:12  Hydralisk  
  81  9:17  Hydralisk  
  81  9:21  Infestation Pit  
  81  9:22  Pneumatized Carapace  
  82  9:26  Overseer  
  82  9:29  Roach  
  84  9:34  Roach  
  84  9:35  Overlord  
  86  9:39  Roach  
  86  9:44  Roach  
  90  9:48  Hydralisk  
  92  9:53  Hydralisk  
  92  9:54  Overlord  
  97  10:00  Zerg Melee Weapons Level 2  
  100  10:08  Zerg Ground Armor Level 2  
  100  10:13  Drone  
  101  10:14  Drone  
  101  10:16  Drone  
  101  10:17  Drone  
  101  10:19  Drone  
  101  10:20  Drone  
  106  10:22  Drone  
  106  10:25  Drone  
  108  10:28  Overlord  
  108  10:31  Drone  
  108  10:33  Drone  
  108  10:34  Drone  
  111  10:36  Drone  
  111  10:37  Drone  
  111  10:39  Drone  
  111  10:41  Drone  
  115  10:48  Overlord  
  115  10:50  Glial Reconstitution  
  115  10:54  Zerg Flyer Weapons Level 1  
  115  11:01  Spore Crawler  
  115  11:03  Drone  
  115  11:04  Spore Crawler  
  115  11:05  Drone  
  115  11:08  Queen  
  117  11:21  Overseer  
  117  11:23  Overlord  
  117  11:28  Spine Crawler  
  117  11:29  Drone  
  117  11:30  Spine Crawler  
  117  11:32  Drone  
  117  11:45  Hive  
  117  11:46  Extractor  
  116  11:48  Drone  
  116  11:49  Extractor  
  116  11:50  Drone  
  117  12:09  Overlord  
  117  12:30  Overlord  
  117  12:40  Zergling x2  
  112  12:47  Hydralisk  
  112  12:48  Overlord  
  109  12:53  Hydralisk  
  107  12:58  Hatchery  
  107  12:59  Drone  
  107  13:00  Ultralisk Cavern  
  107  13:02  Drone  
Tags
 
Composition
MMM Bio
Matchup
TvZ
Opening
Pool First
Spawn Locations
Cross Positions
Add a new tag
Caveats
  • Supply blocks, unpowered buildings, or Contaminate may cause inaccurate times.
  • Supply counts are checked every 10 seconds.